 Dungeon Crawl Stone Soup version 0.30-a0-634-g8abc85282e (webtiles) character file.

Game seed: 14847933407070852718

48723 arthad the Summoner (level 14, -8/71 HPs)
             Began as a Felid Summoner on Jan 14, 2023.
             Was an Initiate of Gozag.
             Mangled by a seven-headed hydra (13 damage)
             ... on level 5 of the Lair of Beasts on Jan 15, 2023.
             The game lasted 01:46:05 (22390 turns).

arthad the Summoner (Felid Summoner)               Turns: 22390, Time: 01:46:06

Health: -8/71      AC:  3    Str:  8    XL:     14   Next: 13%
Magic:  16/31      EV: 27    Int: 28    God:    Gozag
Gold:   3658       SH:  0    Dex: 18    Spells: 1/38 levels left
                                        Lives:  0   Deaths: 4

rFire   + . .      SeeInvis +      - Unarmed
rCold   + + +      Faith    .    (shield unavailable)
rNeg    . . .      Spirit   .    (body armour unavailable)
rPois   .          Reflect  .    (helmet unavailable)
rElec   .          Harm     .    (cloak unavailable)
rCorr   .          Rampage  .    (gloves unavailable)
Will    ++++.                    (boots unavailable)
Stlth   +                        b - amulet of magic regeneration
HPRegen 0.31/turn                j - ring "Tevyq" {rF+ rC+ Will+ Slay+3}
MPRegen 0.62/turn                g - ring of Nofaseaxt {Will+ Str+4 Int+6 Dex+4}

@: very slow
A: very small, claws 1, fangs 3, see invisible, speed 1, shaggy fur 3, stealthy
paws, no weapons or thrown items, no armour, multi-lived, clumsy 1, cold
resistance 1, robust 1
a: Renounce Religion, Potion Petition, Call Merchant, Bribe Branch


You were on level 5 of the Lair of Beasts.
You worshipped Gozag.
Gozag was most pleased with you.
You visited 3 branches of the dungeon, and saw 21 of its levels.
You also visited: Sewer, Ossuary and Bailey.

You collected 9282 gold pieces.
You spent 2493 gold pieces at shops.
You paid 3131 gold pieces to Gozag.

Inventory:

Hand Weapons
 m - the +7 quarterstaff "Goeptuo" {heavy, rCorr Int-5 SInv}
   (You found it on level 14 of the Dungeon)

   Int:       It affects your intelligence (-5).
   SInv:      It lets you see invisible.
   rCorr:     It protects you from acid and corrosion.
Jewellery
 b - an amulet of magic regeneration (around neck)
 f - a +6 ring of intelligence
 g - the ring of Nofaseaxt (right paw) {Will+ Str+4 Int+6 Dex+4}
   (You bought it in a shop on level 3 of the Lair of Beasts)

   [ring of intelligence]

   Str:       It affects your strength (+4).
   Int:       It affects your intelligence (+6).
   Dex:       It affects your dexterity (+4).
   Will:      It increases your willpower.
 h - a ring of magical power
 j - the ring "Tevyq" (left paw) {rF+ rC+ Will+ Slay+3}
   (You bought it in a shop on level 3 of the Lair of Beasts)

   [ring of protection from fire]

   Slay:      It affects your accuracy & damage with ranged weapons and melee
   (+3).
   rF:        It protects you from fire.
   rC:        It protects you from cold.
   Will:      It increases your willpower.
 o - a +5 ring of evasion
 v - an amulet of guardian spirit
 P - a ring of protection from fire
 Q - a ring of ice
 T - a ring of magical power
 V - a +5 ring of evasion
 X - a ring of protection from fire
 Y - a ring of protection from cold
 Z - the ring of Bumepih {rF+ MP+9}
   (You found it on level 12 of the Dungeon)

   [ring of magical power]

   rF:        It protects you from fire.
   MP:        It affects your magic capacity (+9).
Wands
 p - a wand of mindburst (10)
 E - a wand of iceblast (13)
 N - a wand of flame (10)
 O - a wand of paralysis (6)
 S - a wand of light (7)
 U - a wand of polymorph (8)
Scrolls
 c - 6 scrolls of fog
 d - 3 scrolls of summoning
 i - 4 scrolls of magic mapping
 k - 6 scrolls of poison
 l - 4 scrolls of torment
 q - 12 scrolls of teleportation
 r - 5 scrolls of blinking
 s - 6 scrolls of enchant armour
 u - 5 scrolls of enchant weapon
 w - 2 scrolls of amnesia
 x - 4 scrolls of immolation
 y - 9 scrolls of vulnerability
 A - 8 scrolls of fear
 H - 2 scrolls of silence
 L - 2 scrolls of noise
 W - 3 scrolls of identify
Potions
 a - 8 potions of magic
 e - 2 potions of attraction
 n - a potion of resistance
 t - 2 potions of invisibility
 z - 2 potions of heal wounds
 B - 5 potions of curing
 C - 2 potions of cancellation
 D - 5 potions of lignification
 F - 5 potions of haste
 I - 4 potions of flight
 J - 4 potions of mutation
 K - 3 potions of might
 M - a potion of berserk rage
 R - 2 potions of brilliance
Miscellaneous
 G - a phantom mirror


   Skills:
 + Level 9.7 Fighting
 + Level 13.0 Dodging
 - Level 2.6 Stealth
 + Level 3.9 Unarmed Combat
 * Level 12.9 Spellcasting
 - Level 5.0 Hexes
 * Level 14.5 Summonings
 - Level 5.0 Necromancy
 + Level 5.0 Translocations
 * Level 6.2 Transmutations
 + Level 9.1 Air Magic


You had one spell level left.
You knew the following spells:

 Your Spells              Type           Power      Damage    Failure   Level
a - Summon Small Mammal   Summ           100%       N/A       0%          1
b - Call Imp              Summ           79%        N/A       0%          2
c - Call Canine Familiar  Summ           79%        N/A       1%          3
d - Summon Guardian Gole  Hex/Summ       64%        N/A       1%          3
e - Summon Lightning Spi  Summ/Air       71%        N/A       1%          4
f - Summon Cactus Giant   Summ           39%        N/A       1%          6
g - Anguish               Hex/Necr       23%        N/A       3%          4
h - Blink                 Tloc           92%        N/A       1%          2
i - Summon Mana Viper     Hex/Summ       64%        N/A       1%          5
j - Monstrous Menagerie   Summ           39%        N/A       6%          7

Your spell library contained the following spells:

 Spells                   Type           Power      Damage    Failure   Level
 Magic Dart               Conj           72%        1d6       3%          1
 Cigotuvi's Dreadful Rot  Necr/Pois/Air  88%        N/A       1%          2
 Ensorcelled Hibernation  Hex/Ice        64%        N/A       1%          2
 Momentum Strike          Conj/Tloc      64%        3d9       1%          2
 Passwall                 Tmut/Erth      29%        N/A       1%          2
 Poisonous Vapours        Pois/Air       86%        N/A       1%          2
 Lesser Beckoning         Tloc           92%        N/A       1%          3
 Swiftness                Air            62%        N/A       1%          3
 Summon Ice Beast         Ice/Summ       56%        N/A       1%          4
 Mephitic Cloud           Conj/Pois/Air  35%        N/A       2%          3
 Dazzling Flash           Conj/Hex       64%        N/A       3%          3
 Inner Flame              Hex/Fire       32%        N/A       3%          3
 Cause Fear               Hex            23%        N/A       3%          4
 Scorch                   Fire           36%        2d7       4%          2
 Searing Ray              Conj           36%        2d5       4%          2
 Silence                  Hex/Air        27%        N/A       4%          5
 Blade Hands              Tmut           26%        N/A       6%          5
 Hailstorm                Conj/Ice       18%        3d6       9%          3
 Ozocubu's Armour         Ice            18%        N/A       9%          3
 Ice Form                 Ice/Tmut       35%        N/A       9%          4
 Fulminant Prism          Conj/Hex       16%        3d10      11%         4
 Agony                    Necr           46%        N/A       11%         5
 Irradiate                Conj/Tmut      17%        3d17      22%         5
 Flame Wave               Conj/Fire      18%        2d7       30%         4
 Metabolic Englaciation   Hex/Ice        16%        N/A       30%         5
 Conjure Ball Lightning   Conj/Air       21%        3x3d6     56%         6
 Fireball                 Conj/Fire      9%         3d6       63%         5
 Iskenderun's Battlesphe  Conj           18%        2d7       63%         5
 Spellforged Servitor     Conj/Summ      28%        N/A       77%         7
 Dragon Form              Tmut           26%        N/A       89%         7
 Enfeeble                 Hex            23%        N/A       97%         7
 Iron Shot                Conj/Erth      9%         9d3       99%         6
 Orb of Destruction       Conj           9%         9d6       100%        7
 Discord                  Hex            23%        N/A       100%        8
 Simulacrum               Ice/Necr       Unusable   N/A       N/A         6

Dungeon Overview and Level Annotations

Branches:
Dungeon (15/15)            Temple (1/1) D:6            Lair (5/5) D:11
 Shoals (0/4) Lair:3       Spider (0/4) Lair:2        Slime (0/5) Lair:5
    Orc (0/2) D:10         Vaults (0/5) D:13          Sewer (visited)
Ossuary (visited)          Bailey (visited)
 Depths: D:15

Altars:
Ashenzari
Cheibriados
Dithmenos
Elyvilon
Fedhas
Gozag
Hepliaklqana
Kikubaaqudgha
Makhleb
Nemelex Xobeh
Okawaru
Qazlal
Ru
Sif Muna
Trog
Uskayaw
Vehumet
Wu Jian
Xom
Yredelemnul
Zin
The Shining One

Shops:
D:7 [   Lair:3 ==:

Annotations:
D:9 1 transporter
D:14 Nessos


Innate Abilities, Weirdness & Mutations

You have sharp claws.
You have razor-sharp teeth.
You have supernaturally acute eyesight. (SInv)
You cover ground quickly. (Speed+)
Your thick and shaggy fur keeps you warm. (AC +3, rC+)
Your paws help you pounce on unaware monsters.
You are incapable of wielding weapons or throwing items.
You cannot wear armour.
You gain extra lives every three experience levels.
You are clumsy. (Dex -2)
Your flesh is cold resistant. (rC+)
You are robust. (+10% HP)


Message History

Your warg barely misses the sea snake.
The sea snake bites your warg! The seven-headed hydra bites your warg!
The seven-headed hydra closely misses your warg.
The seven-headed hydra bites your warg! The seven-headed hydra bites your warg.
The seven-headed hydra bites your warg!
Your warg dies!
Your warg's corpse disappears in a puff of smoke!
Casting: Summon Cactus Giant (dangerous; 1% risk of failure)
Confirm with . or Enter, or press ? or * to list all spells.
A mana viper appears with a sibilant hiss.
The sea snake completely misses you.
Your cactus giant closely misses the sea snake.
Casting: Summon Mana Viper (dangerous; 1% risk of failure)
Confirm with . or Enter, or press ? or * to list all spells.
You summon a lindwurm!
The sea snake completely misses you.
The seven-headed hydra completely misses you.
The seven-headed hydra barely misses you.
The seven-headed hydra bites you. The seven-headed hydra misses you.
The seven-headed hydra bites you! The seven-headed hydra misses you.
The seven-headed hydra completely misses you.
The seven-headed hydra attacks as you move away!
The seven-headed hydra completely misses you.
The seven-headed hydra closely misses you.
The seven-headed hydra completely misses you.
The seven-headed hydra bites you! x2; The seven-headed hydra misses you.
The seven-headed hydra completely misses you.
The sea snake attacks as you move away! The sea snake bites you!!
* * * LOW HITPOINT WARNING * * *
The sea snake is struck by your cactus giant's spines.
The sea snake bites your cactus giant.
Your mana viper bites the seven-headed hydra.
Your lindwurm bites the sea snake!
Your lindwurm closely misses the sea snake.
Your lindwurm barely misses the sea snake.
The seven-headed hydra closely misses you.
The seven-headed hydra bites you!
* * * LOW HITPOINT WARNING * * *
The seven-headed hydra bites you!
You die...
Your body crumbles into a pile of gold.

...# #~#~~#~~~PS##$(!$#~.~~~
..#####.#~~~~~ ##8##~##~8~#
#.###...~~~~~~ #~~~~~~~~~~#
#..#....~~~~~~ #~~.~~~$P.~#
........#.~#~P #⌠~~~.#~~.⌠#
.......~##~########~#.~##~###.
........~~~~~k~S~~~~$#~~~~~~~~
.#.#...~~.~~~$SD~~#..~.~~~~~~~
..#.....##~~##~C@.~~~~~~##~~~
.......~##~~##~~~#~~~#~~~#~~~
........~~~.~.~~.~.~~.~~.~~...
..............................
...#.##.......................
..#.###...P#...P#...#..#......
#.####.....######....####.....
.. #......## ##..## P....
##.....P# ##..## #....


You could see a seven-headed hydra (ally target), a sea snake (ally target), a
friendly lindwurm (summoned), a friendly mana viper (summoned) and a friendly
cactus giant (summoned).

Vanquished Creatures
  A harpy (Lair:3)
  An unseen horror (D:12)
  A rime drake (Lair:4)
  A jumping spider (shapeshifter) (D:14)
  A human (D:13)
  A nameless horror (Lair:4)
  A killer bee (D:8)
  4 electric eels (D:14)
  An endoplasm (D:1)
  A quokka (D:1)
  2 ball pythons (Sewer)
  A bat (D:1)
  2 frilled lizards
18 creatures vanquished.

Vanquished Creatures (collateral kills)
  Rupert (D:14)
  A fire dragon (D:12)
  Josephine (Lair:3)
  A vault guard (D:13)
  A merfolk avatar (Lair:5)
  2 ogre magi (D:12)
  A death knight (D:12)
  A hydra (D:13)
  4 boulder beetles
  4 centaur warriors
  5 two-headed ogres
  2 death yaks (D:11)
  Sonja (D:10)
  3 skeletal warriors (D:12)
  3 necromancers
  A harpy (Lair:3)
  2 orc knights (D:12)
  3 deep elf pyromancers
  2 cyclopes
  16 ugly things
  12 elephants
  5 manticores
  3 black mambas
  Maurice (D:12)
  A torpor snail (Lair:3)
  A gargoyle (D:12)
  4 cane toads
  4 rime drakes
  Psyche (D:8)
  3 unseen horrors
  An efreet (D:12)
  A yaktaur (D:12)
  6 komodo dragons
  2 kobold demonologists (D:12)
  4 trolls (D:12)
  A polar bear (Lair:5)
  A wind drake (Lair:5)
  4 hornets
  Prince Ribbit (Bailey)
  19 blink frogs
  A snapping turtle (Lair:5)
  4 dream sheep (Lair:5)
  5 water elementals (D:14)
  5 wyverns
  3 shadows (D:12)
  37 yaks
  9 basilisks
  6 wraiths
  15 humans
  A redback (Lair:2)
  3 steam dragons
  Menkaure (D:5)
  2 water moccasins
  3 acid dragons
  5 black bears
  A swamp drake (D:10)
  2 ice beasts
  3 orc warriors
  A sky beast (D:6)
  13 wolves
  An ogre (D:10)
  2 boggarts (D:12)
  A phantom (D:5)
  11 bullfrogs
  4 kobold brigands
  A gnoll sergeant (D:12)
  2 scorpions
  3 water moccasin zombies (Ossuary)
  6 wights
  6 killer bees
  5 nameless horrors
  3 howler monkeys
  3 hounds
  2 jellies
  Crazy Yiuf (D:3)
  A gnoll bouda (D:4)
  5 orc priests
  Ijyb (D:3)
  Terence (D:2)
  4 iguanas
  11 orc wizards
  9 hell rats
  2 mummies (Ossuary)
  Robin (D:3)
  20 gnolls
  12 adders
  4 river rats
  2 shadow imps
  2 white imps
  4 adder zombies (Ossuary)
  2 worms
  A dart slug (D:5)
  34 orcs
  4 bats
  7 endoplasms
  4 giant cockroaches
  13 hobgoblins
  2 jackals (Sewer)
  7 quokkas
  10 ball pythons
  9 frilled lizards
  A gnoll zombie (Ossuary)
  16 goblins
  2 hobgoblin zombies (Ossuary)
  23 kobolds
  10 kobold zombies (Ossuary)
  9 orc zombies (Ossuary)
  10 rats
544 creatures vanquished.

Vanquished Creatures (others)
  4 vault guards
  A two-headed ogre (D:10)
  A centaur warrior (D:12)
  2 boulder beetles
  A death yak (D:11)
  A skeletal warrior (D:12)
  An ugly thing (D:14)
  A deep elf pyromancer (D:12)
  A necromancer (D:13)
  A manticore (D:12)
  A cyclops (D:12)
  A komodo dragon (Lair:2)
  A freezing wraith (D:12)
  A kobold demonologist (D:12)
  4 blink frogs
  5 humans
  8 yaks
  2 basilisks
  A steam dragon (D:6)
  An ice beast (D:7)
  An ogre (D:5)
  A kobold brigand (D:12)
  5 bullfrogs (Bailey)
  A necrophage (D:5)
  2 water moccasin zombies (Ossuary)
  5 killer bees (D:9)
  A howler monkey (D:9)
  An adder (D:5)
  5 gnolls
  An orc (D:4)
  An endoplasm (D:4)
  A goblin (Bailey)
  A kobold (D:12)
  A hobgoblin zombie (Ossuary)
  17 fungi
  61 plants
144 creatures vanquished.

Grand Total: 706 creatures vanquished

Notes
Turn   | Place    | Note
-------+----------+-------------------------------------------
     0 | D:1      | arthad the Felid Summoner began the quest for the Orb.
     0 | D:1      | Reached XP level 1. HP: 7/7 MP: 4/4
   302 | D:1      | Found a faded altar of an unknown god.
   467 | D:1      | Reached XP level 2. HP: 11/11 MP: 3/6
   483 | D:1      | Learned a level 2 spell: Call Imp
   780 | D:2      | Reached skill level 1 in Hexes
   842 | D:2      | Reached XP level 3. HP: 14/14 MP: 7/7
   855 | D:2      | Learned a level 3 spell: Call Canine Familiar
   932 | D:2      | Noticed Terence
   953 | D:2      | Killed Terence
  1053 | D:2      | Reached XP level 4. HP: 14/18 MP: 8/8
  1148 | D:2      | Reached skill level 5 in Summonings
  1304 | D:2      | Reached skill level 1 in Air Magic
  1586 | D:2      | You fall into a shaft and drop 1 floor!
  1631 | D:3      | Found a runed translucent door.
  1632 | D:3      | Noticed Crazy Yiuf
  1632 | D:3      | Found the +5 demon whip "Spellbinder" {antimagic, disrupt,
                  | Will+}
  1650 | D:3      | Killed Crazy Yiuf
  1651 | D:3      | Reached XP level 5. HP: 21/21 MP: 10/10
  1731 | D:3      | Learned a level 3 spell: Summon Guardian Golem
  1829 | D:3      | Identified the +5 dagger of Ajeiq {flame, rF+ rC+ Will+
                  | Int+4}
  1924 | D:3      | Noticed Ijyb
  1935 | D:3      | Killed Ijyb
  1963 | D:3      | Gained mutation: You are covered in thick fur. (AC +2)
                  | [Felid growth]
  1963 | D:3      | Reached XP level 6. HP: 25/25 MP: 11/11
  1969 | D:3      | Noticed Robin
  2016 | D:3      | Killed Robin
  2427 | D:4      | Identified a scroll of acquirement
  2427 | D:4      | Acquired a book of Hexes
  2490 | D:4      | Found a snail-covered altar of Cheibriados.
  2581 | D:4      | Found a glowing drain.
  2610 | Sewer    | Entered a sewer
  2636 | Sewer    | Reached skill level 1 in Fighting
  3584 | D:4      | Reached XP level 7. HP: 24/28 MP: 13/13
  3726 | D:4      | Learned a level 4 spell: Summon Lightning Spire
  3905 | D:4      | Reached skill level 5 in Hexes
  4019 | D:5      | Entered Level 5 of the Dungeon
  4019 | D:5      | Found a white marble altar of Elyvilon.
  4038 | D:5      | Reached skill level 6 in Summonings
  4156 | D:5      | Noticed Menkaure
  4182 | D:5      | Gained mutation: You are clumsy. (Dex -2) [potion of
                  | mutation]
  4182 | D:5      | Gained mutation: Your flesh is cold resistant. (rC+)
                  | [potion of mutation]
  4182 | D:5      | Gained mutation: You are robust. (+10% HP) [potion of
                  | mutation]
  4183 | D:5      | Killed Menkaure
  4570 | D:5      | Reached XP level 8. HP: 15/37 MP: 15/15
  5251 | D:6      | Reached skill level 5 in Spellcasting
  5537 | D:6      | Found a basalt altar of Yredelemnul.
  5549 | D:6      | Reached skill level 7 in Summonings
  5584 | D:6      | Reached skill level 5 in Dodging
  5631 | D:6      | Found an iron altar of Okawaru.
  5681 | D:6      | Found a staircase to the Ecumenical Temple.
  5691 | Temple   | Entered the Ecumenical Temple
  5875 | Temple   | Became a worshipper of Gozag Ym Sagoz the Greedy
  6250 | D:7      | Found a sand-covered staircase.
  6255 | Ossuary  | Entered an ossuary
  6468 | Ossuary  | Reached XP level 9. HP: 41/41 MP: 18/18
  6671 | D:7      | Found Fepp's Armour Shoppe.
  6746 | D:7      | Found a flagged portal.
  6760 | Bailey   | Entered a bailey
  6843 | Bailey   | Learned a level 6 spell: Summon Cactus Giant
  6870 | Bailey   | Reached skill level 8 in Summonings
  7085 | Bailey   | Noticed a vault guard
  7085 | Bailey   | Noticed Prince Ribbit
  7095 | Bailey   | Killed Prince Ribbit
  7100 | Bailey   | Killed a vault guard
  7101 | Bailey   | Reached XP level 10. HP: 47/47 MP: 21/21
  7109 | Bailey   | Noticed a vault guard
  7117 | Bailey   | Killed a vault guard
  7118 | Bailey   | Reached skill level 5 in Fighting
  7118 | Bailey   | Reached skill level 9 in Summonings
  7634 | D:7      | Found an ornate altar of the Wu Jian Council.
  7635 | D:7      | Found a bloodstained altar of Trog.
  7874 | D:8      | Reached skill level 5 in Air Magic
  7938 | D:8      | Noticed Psyche
  7950 | D:8      | Killed Psyche
  8429 | D:8      | Found a sparkling altar of Nemelex Xobeh.
  8744 | D:9      | Reached skill level 10 in Summonings
  8757 | D:9      | Killed from afar by a steam dragon
  8758 | D:9      | Reached XP level 9. HP: 0/45 MP: 26/31
  8814 | D:9      | Found a transporter.
  8901 | D:9      | Reached XP level 10. HP: 49/49 MP: 22/23
  8968 | D:9      | Found a shimmering altar of Xom.
  9197 | D:9      | Noticed a two-headed ogre
  9218 | D:9      | Killed a two-headed ogre
  9280 | D:9      | Found a glowing silver altar of Zin.
  9474 | D:10     | Entered Level 10 of the Dungeon
  9601 | D:10     | Noticed Sonja
  9619 | D:10     | Killed Sonja
 10106 | D:10     | Found a stormy altar of Qazlal.
 10381 | D:10     | Noticed a two-headed ogre
 10388 | D:10     | Killed a two-headed ogre
 10648 | D:10     | Found a staircase to the Orcish Mines.
 10678 | D:10     | Reached XP level 11. HP: 53/53 MP: 25/25
 10906 | D:11     | Noticed a death yak
 10918 | D:11     | Killed a death yak
 10918 | D:11     | Noticed a death yak
 10921 | D:11     | Noticed a death yak
 10931 | D:11     | Reached skill level 11 in Summonings
 10944 | D:11     | Killed a death yak
 10957 | D:11     | Killed a death yak
 11129 | D:11     | Found a staircase to the Lair.
 11257 | D:11     | Noticed a boulder beetle
 11286 | D:11     | Killed a boulder beetle
 11300 | D:11     | Noticed a red ugly thing
 11318 | D:11     | Killed a red ugly thing
 11319 | D:11     | Reached skill level 10 in Spellcasting
 12053 | D:12     | Reached skill level 10 in Dodging
 12054 | D:12     | Noticed a skeletal warrior
 12054 | D:12     | Noticed a skeletal warrior
 12057 | D:12     | Noticed a skeletal warrior
 12059 | D:12     | Noticed a skeletal warrior
 12063 | D:12     | Killed a skeletal warrior
 12068 | D:12     | Noticed a sun demon
 12070 | D:12     | Killed a skeletal warrior
 12071 | D:12     | Gained mutation: Your thick and shaggy fur keeps you warm.
                  | (AC +3, rC+) [Felid growth]
 12071 | D:12     | Reached XP level 12. HP: 37/59 MP: 27/27
 12079 | D:12     | Reached skill level 12 in Summonings
 12308 | D:12     | Noticed Maurice
 12329 | D:12     | Killed Maurice
 12392 | D:12     | Noticed a centaur warrior
 12399 | D:12     | Shot with an arrow by a centaur warrior
 12400 | D:12     | Reached XP level 11. HP: -1/55 MP: 24/35
 12425 | D:12     | Noticed a boulder beetle
 12434 | D:12     | Killed a centaur warrior
 12458 | D:12     | Killed a boulder beetle
 12513 | D:12     | Noticed a boulder beetle
 12514 | D:12     | Noticed a fire dragon
 12552 | D:12     | HP: 1/56 [fire dragon/blast of flame (32)]
 12757 | D:11     | Killed a boulder beetle
 12783 | D:11     | Learned a level 4 spell: Anguish
 12877 | D:12     | Noticed a two-headed ogre
 12881 | D:12     | Killed a two-headed ogre
 13015 | D:12     | Killed a fire dragon
 13016 | D:12     | Reached skill level 1 in Necromancy
 13144 | D:12     | Noticed an orc knight
 13163 | D:12     | Killed an orc knight
 13303 | D:12     | Noticed a two-headed ogre
 13309 | D:12     | Killed a two-headed ogre
 13348 | D:12     | Noticed a boulder beetle
 13364 | D:12     | Killed a boulder beetle
 13381 | D:12     | Killed from afar by a manticore
 13382 | D:12     | Reached XP level 10. HP: -2/52 MP: 21/35
 13424 | D:12     | Reached XP level 11. HP: 56/56 MP: 24/27
 13593 | D:12     | Noticed a purple ugly thing
 13594 | D:12     | Noticed a brown ugly thing
 13615 | D:12     | Killed a brown ugly thing
 13625 | D:12     | Killed a brown ugly thing
 13794 | D:12     | Noticed an ogre mage
 13807 | D:12     | Killed an ogre mage
 13828 | D:12     | Noticed a two-headed ogre
 13838 | D:12     | Noticed a necromancer
 13838 | D:12     | Noticed a boulder beetle
 13866 | D:12     | Killed a two-headed ogre
 13901 | D:12     | Reached skill level 13 in Summonings
 13906 | D:12     | Killed a necromancer
 14000 | D:12     | Killed a boulder beetle
 14105 | D:12     | Identified the +6 chain mail of Beyond {rPois}
 14114 | D:12     | Noticed a purple ugly thing
 14114 | D:12     | Noticed a purple ugly thing
 14124 | D:12     | Killed a purple ugly thing
 14130 | D:12     | Killed a purple ugly thing
 14308 | D:12     | Noticed a centaur warrior
 14328 | D:12     | Killed a centaur warrior
 14329 | D:12     | Reached XP level 12. HP: 44/61 MP: 28/28
 14424 | D:12     | Noticed an ogre mage
 14461 | D:12     | Killed an ogre mage
 14547 | D:12     | Noticed a two-headed ogre
 14560 | D:12     | Killed a two-headed ogre
 14615 | D:12     | Noticed a death knight
 14710 | D:12     | Killed a death knight
 14737 | D:12     | Identified the ring of Bumepih {rF+ MP+9}
 14980 | D:13     | Acquired 1045 gold pieces
 15128 | D:13     | Found a gate to the Vaults.
 15128 | D:13     | Noticed a vault guard
 15128 | D:13     | Noticed a vault guard
 15128 | D:13     | Noticed a vault guard
 15138 | D:13     | Reached skill level 1 in Transmutations
 15141 | D:13     | Killed a vault guard
 15141 | D:13     | Killed a vault guard
 15144 | D:13     | Killed a vault guard
 15148 | D:13     | Reached skill level 1 in Unarmed Combat
 15327 | D:13     | Learned a level 2 spell: Blink
 15539 | D:13     | Noticed a centaur warrior
 15549 | D:13     | Killed a centaur warrior
 15550 | D:13     | Reached XP level 13. HP: 58/66 MP: 30/30
 15855 | D:14     | Reached skill level 1 in Translocations
 15959 | D:14     | Identified the +7 quarterstaff "Goeptuo" {heavy, rCorr
                  | Int-5 SInv}
 16065 | D:14     | Noticed Nessos
 16100 | D:14     | Shot with an arrow by Nessos
 16101 | D:14     | Reached XP level 12. HP: -3/62 MP: 31/38
 16235 | D:14     | Noticed a centaur warrior
 16243 | D:14     | Killed a centaur warrior
 17519 | D:14     | Noticed Rupert
 17527 | D:14     | Killed Rupert
 17528 | D:14     | Reached skill level 14 in Summonings
 17766 | D:15     | Entered Level 15 of the Dungeon
 17821 | D:15     | Acquired 1203 gold pieces
 17940 | D:15     | Noticed a six-headed hydra
 17944 | D:15     | Noticed a dire elephant
 18044 | Lair:1   | Entered Level 1 of the Lair of Beasts
 18810 | Lair:2   | Noticed a boulder beetle
 18818 | Lair:2   | Killed a boulder beetle
 18831 | Lair:2   | Reached XP level 13. HP: 20/66 MP: 26/30
 19165 | Lair:2   | Found a hole to the Spider Nest.
 19637 | Lair:3   | Bought the ring of Nofaseaxt {Will+ Str+4 Int+6 Dex+4} for
                  | 1046 gold pieces
 19641 | Lair:3   | Bought the ring "Tevyq" {rF+ rC+ Will+ Slay+3} for 915 gold
                  | pieces
 19648 | Lair:3   | Bought a book of Beasts for 532 gold pieces
 19654 | Lair:3   | Learned a level 5 spell: Summon Mana Viper
 19662 | Lair:3   | Learned a level 7 spell: Monstrous Menagerie
 20357 | Lair:3   | Noticed Josephine
 20371 | Lair:3   | Killed Josephine
 20382 | Lair:3   | Reached skill level 5 in Transmutations
 20462 | Lair:3   | Found a staircase to the Shoals.
 21144 | Lair:4   | Reached skill level 5 in Necromancy
 21823 | Lair:5   | Entered Level 5 of the Lair of Beasts
 21870 | Lair:5   | Found a staircase to the Slime Pits.
 22233 | Lair:5   | Reached XP level 14. HP: 56/71 MP: 10/31
 22268 | Lair:5   | Reached skill level 5 in Translocations
 22390 | Lair:5   | Mangled by a seven-headed hydra

Illustrated notes

Levels and vault maps discovered:
D:1:      elethiomel_arrival_shortcut, layout_rooms, serial_bayou,
          serial_bayou_pond_a, serial_bayou_pond_a, serial_bayou_lake_a,
          serial_bayou_crossing, hellmonk_ecumenical_altar_heavens_door,
          minmay_misc_feat_pillars
D:2:      layout_basic, serial_forest, infiniplex_forest_clump_curved,
          infiniplex_forest_diagonal, infiniplex_forest_end_2,
          infiniplex_forest_end_2, uniq_terence
D:3:      layout_loops_ring, uniq_ijyb, uniq_robin, uniq_crazy_yiuf_cottage
D:4:      layout_loops_ring, mainiacjoe_overflow_paths, portal_sewer_entry_b,
          minmay_misc_feat_five, kennysheep_generic_room_8
D:5:      layout_gridville, elyvilon_altar_5, st_stairs_5, uniq_menkaure
D:6:      layout_basic, mainiacjoe_overflow_six_doors_small,
          kennysheep_okawaru_gauntlet, minmay_temple_entry_statues_fountains
D:7:      layout_rooms, mainiacjoe_overflow_divided_tiny, serial_shops, shop,
          nicolae_ossuary_entry_false_entrances, enter_bailey_2,
          serial_corexii_hall, corexii_hall_statues_t, chequers_hall_statues_y
D:8:      layout_gridville, nemelex_xobeh_ov_fountains_minmay,
          uniq_prince_ribbit1, uniq_psyche
D:9:      layout_rooms, zin_statuary, lemuel_doored_altar, nicolae_diode_stairs,
          uniq_harold
D:10:     gammafunk_indiana_jones, layout_basic,
          nicolae_qazlal_style_of_elements, erik_orc_1, uniq_sonja
D:11:     layout_cave_pools, dpeg_lair_monsters
D:12:     minmay_the_grid_square_5x5_5x5
          [minmay_the_grid_square_5x5_hollow_slash,
          minmay_the_grid_square_5x5_comb, minmay_the_grid_square_5x5_detours,
          minmay_the_grid_square_5x5_checkered,
          minmay_the_grid_square_5x5_hourglass, minmay_the_grid_square_5x5_mess,
          minmay_the_grid_square_5x5_prize_rear_guard,
          minmay_the_grid_square_5x5_inner_z,
          minmay_the_grid_square_5x5_prize_snowflake,
          minmay_the_grid_square_5x5_two_small,
          minmay_the_grid_square_5x5_inner_i,
          minmay_the_grid_square_5x5_two_walls_b,
          minmay_the_grid_square_5x5_prize_deathbox,
          minmay_the_grid_square_5x5_tie, minmay_the_grid_square_5x5_shrine1,
          minmay_the_grid_square_5x5_moneybag,
          minmay_the_grid_square_5x5_prize_gold,
          minmay_the_grid_square_5x5_shuriken,
          minmay_the_grid_square_5x5_prize_waves,
          minmay_the_grid_square_5x5_two,
          minmay_the_grid_square_5x5_doubleslash,
          minmay_the_grid_square_5x5_minibox,
          minmay_the_grid_square_5x5_two_walls_a,
          minmay_the_grid_square_5x5_plus,
          minmay_the_grid_square_5x5_tetrominoes], layout_basic, uniq_maurice
D:13:     layout_roguey, grunt_vaults_entry_tiered
D:14:     layout_basic, grunt_decor_fettered, dk_noncrumbling_3, uniq_nessos,
          uniq_rupert
D:15:     hangedman_depths_entry_try_elsewhere_first, layout_gridville,
          wad_woods_river_04
Temple:   nicolae_temple_bog_church
Lair:1:   layout_misc_corridors, serial_rivers, chequers_serial_rivers_micro_a,
          chequers_serial_rivers_micro_e, chequers_serial_rivers_small_3,
          chequers_serial_rivers_micro_b, chequers_serial_rivers_room_b,
          chequers_serial_rivers_micro_b
Lair:2:   layout_chaotic_city, spider_nest_entry_webs
Lair:3:   layout_regular_city, nicolae_shoals_entry_roost, uniq_josephine
Lair:4:   hellmonk_destroyed_diamonds, layout_hall_layers
Lair:5:   gammafunk_lair_ancient_temple, layout_small_grid, slime_entry_1

Skill      XL: |  1  2  3  4  5  6  7  8  9 10 11 12 13 14 |
---------------+-------------------------------------------+-----
Hexes          | 1 3 4 5 |  5.0
Summonings     | 5 6 7 8 10 13 14 | 14.5
Air Magic      | 1 2 3 4 6 8 7 9 |  9.1
Spellcasting   | 3 4 5 7 9 11 12 | 12.9
Dodging        | 3 4 5 7 11 10 12 13 | 13.0
Fighting       | 1 2 3 4 6 8 9 |  9.7
Necromancy     | 2 3 5 |  5.0
Transmutations | 4 5 6 |  6.2
Unarmed Combat | 2 3 |  3.9
Translocations | 3 4 5 |  5.0
Stealth        | |  2.6

Action                   |  1- 3 |  4- 6 |  7- 9 | 10-12 | 13-15 || total
-------------------------+-------+-------+-------+-------+-------++-------
Melee: Unarmed           |    21 |    40 |    34 |    48 |    13 ||   156
       Bite              |     1 |     5 |     4 |     8 |     3 ||    21
       Punch             |       |     1 |       |     2 |     2 ||     5
 Cast: Summon Small Mamm |    39 |    32 |    14 |     1 |       ||    86
       Call Imp          |     5 |    20 |    24 |    21 |       ||    70
       Call Canine Famil |     3 |    32 |    37 |    74 |    17 ||   163
       Summon Guardian G |       |     9 |    34 |    82 |     9 ||   134
       Summon Lightning  |       |       |    15 |   122 |    31 ||   168
       Summon Cactus Gia |       |       |       |    81 |    40 ||   121
       Anguish           |       |       |       |     6 |     1 ||     7
       Blink             |       |       |       |     3 |       ||     3
       Monstrous Menager |       |       |       |       |    26 ||    26
       Summon Mana Viper |       |       |       |       |    19 ||    19
Invok: Potion Petition   |       |       |       |     2 |       ||     2
       Call Merchant     |       |       |       |       |     3 ||     3
Evoke: Wand              |       |       |     2 |    13 |     3 ||    18
       Phantom mirror    |       |       |       |     1 |       ||     1
  Use: Scroll            |       |     2 |     3 |    20 |     4 ||    29
       Potion            |       |       |     4 |     5 |       ||     9
 Stab: Distracted        |       |     1 |       |       |       ||     1
       Invisible         |       |       |       |       |     1 ||     1
Armor: Skin              |     1 |     7 |     6 |     7 |       ||    21
Dodge: Dodged            |    21 |    50 |    68 |   165 |    59 ||   363

Table legend: (Time is in decaauts)
 A = Elapsed time spent in this place.
 B = Non-inter-level travel time spent in this place.
 C = Inter-level travel time spent in this place.
 D = Time resting spent in this place.
 E = Time spent auto-exploring this place.
 F = Levels seen in this place.
 G = Mean time per level.
                   A        B        C        D        E       F      G
               +--------+--------+--------+--------+--------+-----+--------+
         Total |  19921 |  19279 |    642 |   1239 |  12723 |  24 |  830.0 |
       Dungeon |  14443 |  13908 |    535 |   1164 |   8793 |  15 |  962.9 |
        Temple |    159 |    130 |     29 |      0 |    121 |   1 |  159.0 |
          Lair |   3795 |   3718 |     77 |      0 |   2972 |   5 |  759.0 |
         Sewer |    752 |    752 |      0 |      0 |    515 |   1 |  752.0 |
       Ossuary |    330 |    330 |      0 |      0 |     89 |   1 |  330.0 |
        Bailey |    440 |    440 |      0 |     75 |    230 |   1 |  440.0 |
               +--------+--------+--------+--------+--------+-----+--------+

Top non-repeatable levels by time:
    D:12: 2631 daAuts
    D:14: 1418 daAuts
    D:13: 1239 daAuts
    D:10: 1180 daAuts
    D:11: 1059 daAuts
     D:5: 1022 daAuts
  Lair:3: 977 daAuts
  Lair:4: 897 daAuts
  Lair:2: 845 daAuts
     D:8: 785 daAuts
     D:4: 764 daAuts
   Sewer: 752 daAuts
     D:2: 749 daAuts
     D:3: 727 daAuts
     D:6: 703 daAuts
